WCHLSIM.com - West Coast Hockey League
html PUBLIC "-//W3C//DTD XHTML 1.0 Transitional//EN" "http://www.w3.org/TR/xhtml1/DTD/xhtml1-transitional.dtd"> WCHL - Game 96 - OAKLAND GORILLAS vs LAS VEGAS LIZARD KINGS

OAKLAND GORILLAS vs LAS VEGAS LIZARD KINGS

Created - 25 octobre 2023 at 21:41

Goals
1 2 3 T
OAKLAND GORILLAS 0 3 1 4
LAS VEGAS LIZARD KINGS 2 1 2 5
Shots
1 2 3 T
OAKLAND GORILLAS 18 13 7 38
LAS VEGAS LIZARD KINGS 7 10 11 28

1st period

1. LAS VEGAS LIZARD KINGS , Ryan Nugent-Hopkins 3 (Dmitry Kulikov 3, Joe Pavelski 4) at 8:54 (PP)
2. LAS VEGAS LIZARD KINGS , Johnny Gaudreau 4 (Ryan Nugent-Hopkins 5, Joe Pavelski 5) at 19:58

Penalties :
Colton Sissons (OAK) for Hooking (Minor) at 8:19, Vladislav Namestnikov (LVG) for Hooking (Minor) at 17:44

2nd period

3. LAS VEGAS LIZARD KINGS , Ty Dellandrea 1 (John Marino 2) at 2:56
4. OAKLAND GORILLAS , Hampus Lindholm 2 (David Kampf 4, Joel Farabee 1) at 8:31 (SH)
5. OAKLAND GORILLAS , Colton Sissons 2 (Tomas Tatar 4, David Kampf 5) at 10:03
6. OAKLAND GORILLAS , Patrik Laine 3 (Hampus Lindholm 1, Aleksander Barkov 4) at 14:31

Penalties :
Martin Fehervary (OAK) for Roughing (Minor) at 6:59, Jacob Bryson (LVG) for Hooking (Minor) at 11:39, Jonas Siegenthaler (OAK) for Delaying the game (Minor) at 14:51

3rd period

7. LAS VEGAS LIZARD KINGS , Johnny Gaudreau 5 (Ryan Nugent-Hopkins 6) at 8:24
8. LAS VEGAS LIZARD KINGS , Matt Roy 1 (Ryan Nugent-Hopkins 7, Johnny Gaudreau 3) at 9:48
9. OAKLAND GORILLAS , Tomas Tatar 3 (Colton Sissons 5, David Kampf 6) at 16:16

Penalties :
Martin Fehervary (OAK) for Hooking (Minor) at 17:01

Goalie Stats

Thomas Greiss (OAK), 6 saves from 6 shots - (1,000), 9:38 minutes
Alexandar Georgiev (OAK), 17 saves from 22 shots - (0,773), L, 2-4-0, 49:48 minutes
Sergei Bobrovsky (LVG), 34 saves from 38 shots - (0,895), W, 4-2-0, 60:00 minutes

Players Stats for OAKLAND GORILLAS

Player Name              G  A  P  +/- PIM S  H  SB GA TA FO     MP     PP MP  PK MP  
------------------------------------------------------------------------------------
Aleksander Barkov        0  1  1   0  0   2  0  1  0  0  15/22  21:33   1:56   0:00 
Andrew Poturalski        0  0  0   0  0   0  0  0  0  0  1/1     8:48   0:00   0:00 
Brock Boeser             0  0  0   1  0   7  1  0  0  0  0/1    15:50   1:56   0:00 
Brock Nelson             0  0  0   0  0   2  0  0  0  0  1/1     6:43   1:08   0:00 
Cameron York             0  0  0   0  0   0  0  0  0  0  0/0    16:07   1:45   0:13 
Colton Sissons           1  1  2   0  2   2  1  0  0  0  15/27  17:12   0:00   3:50 
David Kampf              0  3  3   1  0   3  0  0  0  0  4/5    16:50   0:00   2:07 
Hampus Lindholm          1  1  2   2  0   5  1  1  0  0  0/0    23:59   1:49   3:39 
Jack McBain              0  0  0   0  0   0  0  0  0  0  4/5     8:48   0:00   0:00 
Jared Spurgeon           0  0  0   2  0   3  0  2  0  0  0/0    23:48   2:13   3:29 
Joel Farabee             0  1  1   0  0   2  0  0  0  0  0/1    11:42   0:00   2:07 
Jonas Siegenthaler       0  0  0  -2  2   1  3  2  0  0  0/0    21:23   2:09   2:00 
Martin Fehervary         0  0  0   0  4   0  0  2  0  0  0/0    14:57   0:00   0:50 
Max Domi                 0  0  0  -2  0   2  1  0  0  0  14/24  16:02   2:02   0:35 
Patrik Laine             1  0  1   1  0   3  1  0  0  0  0/1    15:50   1:56   0:00 
Ryan Hartman             0  0  0  -2  0   2  2  0  0  0  0/0    18:44   0:54   4:25 
Tomas Tatar              1  1  2   0  0   4  0  0  0  0  0/1    15:25   2:02   0:00 
Trevor van Riemsdyk      0  0  0  -2  0   0  0  0  0  0  0/0    19:43   0:00   2:53 

Players Stats for LAS VEGAS LIZARD KINGS

Player Name              G  A  P  +/- PIM S  H  SB GA TA FO     MP     PP MP  PK MP  
------------------------------------------------------------------------------------
Brandon Hagel            0  0  0  -2  0   2  0  2  0  0  1/2    20:19   3:18   2:15 
Brayden McNabb           0  0  0  -1  0   1  1  1  0  0  0/0    24:18   3:29   2:24 
Dmitry Kulikov           0  1  1   0  0   0  2  4  0  0  0/0    22:38   3:16   1:34 
Evan Rodrigues           0  0  0  -1  0   0  2  0  0  0  0/3    15:11   0:00   0:00 
Jacob Bryson             0  0  0   0  2   0  0  2  0  0  0/0    12:42   0:00   0:00 
Jeff Carter              0  0  0  -2  0   2  0  1  0  0  12/20  18:04   3:18   0:00 
Joe Pavelski             0  2  2   3  0   4  3  0  0  0  2/8    24:17   3:14   1:43 
John Marino              0  1  1   1  0   1  0  2  0  0  0/0    24:14   3:03   2:24 
Johnny Gaudreau          2  1  3   3  0   6  2  0  0  0  0/3    22:00   3:14   0:00 
Jordan Greenway          0  0  0  -1  0   1  0  0  0  0  0/0     3:57   0:00   0:00 
Luke Glendening          0  0  0  -1  0   0  0  0  0  0  3/6     3:57   0:00   0:00 
Matt Roy                 1  0  1   0  0   1  1  1  0  0  0/0    21:16   3:16   0:00 
Patrik Nemeth            0  0  0   0  0   1  0  1  0  0  0/0    14:51   0:00   1:34 
Ryan Nugent-Hopkins      1  3  4   3  0   4  1  0  0  0  13/31  24:17   3:14   1:43 
Ty Dellandrea            1  0  1   0  0   1  1  0  0  0  3/14   13:17   0:00   2:15 
Victor Olofsson          0  0  0  -2  0   1  0  0  0  0  0/0     7:40   3:18   0:00 
Vladislav Namestnikov    0  0  0   0  2   3  1  0  0  0  0/0    12:00   0:00   0:00 
Zemgus Girgensons        0  0  0   0  0   0  2  0  0  0  1/2    11:02   0:00   0:00 

3 Stars

1 - Johnny Gaudreau (LVG)
2 - Ryan Nugent-Hopkins (LVG)
3 - Joe Pavelski (LVG)

Power Play

OAKLAND GORILLAS - 0 on 2 Attempt(s) - 0,00%
LAS VEGAS LIZARD KINGS - 1 on 4 Attempt(s) - 25,00%

Penalty Kill

OAKLAND GORILLAS - 3 on 4 Attempt(s) - 75,00% - Score 1 goal in Penalty Kill
LAS VEGAS LIZARD KINGS - 2 on 2 Attempt(s) - 100,00% - Score 0 goal in Penalty Kill

Team Stat

OAKLAND GORILLAS - Hits : 10 - Faceoff Wins : 54 - Blocked Shots : 8 - Penalty Minutes : 8
LAS VEGAS LIZARD KINGS - Hits : 16 - Faceoff Wins : 35 - Blocked Shots : 14 - Penalty Minutes : 4

Official

Referees : Tim Mayer and Dan O'Rourke
Linesman : Jesse Marquis and James Tobias

Game Notes

Brock Nelson is injured at 0:51 of 2nd period (Right Leg)
Thomas Greiss enters game at 9:48 of 3rd period

Finance

Level 1 -- Attendance: 4924 (78,53%) -- Ticket Income 1 083 280 $
Level 2 -- Attendance: 4259 (67,39%) -- Ticket Income 638 850 $
Level 3 -- Attendance: 1747 (83,59%) -- Ticket Income 227 110 $
Level 4 -- Attendance: 3335 (77,20%) -- Ticket Income 333 500 $
Luxury Box -- Attendance: 748 (74,80%) -- Ticket Income 299 200 $
Game was played at the Casino Square Garden.
Total Attendance: 15013 (75,07%)
Total Ticket Income: 2 581 940 $
Other Expense: 25 819 $
Total Income: 2 556 121 $

OAKLAND GORILLAS

5 vs 5 Forward 
   Center                   Left Wing                Right Wing               Time % Phy DF OF 
 1 Aleksander Barkov        Patrik Laine             Brock Boeser             31     0   2  3  
 2 Max Domi                 Brock Nelson             Ryan Hartman             30     0   2  3  
 3 Colton Sissons           Tomas Tatar              David Kampf              30     0   2  3  
 4 Jack McBain              Joel Farabee             Andrew Poturalski        9      0   2  3  

5 vs 5 Defense 
   Defense                  Defense                                           Time % Phy DF OF 
 1 Hampus Lindholm          Jared Spurgeon                                    38     0   2  3  
 2 Jonas Siegenthaler       Trevor van Riemsdyk                               36     0   2  3  
 3 Martin Fehervary         Cameron York                                      26     0   2  3  
 4 Jared Spurgeon           Hampus Lindholm                                   0      0   2  3  

PowerPlay Forward 
   Center                   Left Wing                Right Wing               Time % Phy DF OF 
 1 Aleksander Barkov        Patrik Laine             Brock Boeser             55     0   2  3  
 2 Max Domi                 Brock Nelson             Tomas Tatar              45     0   2  3  

PowerPlay Defense
   Defense                  Defense                                           Time % Phy DF OF 
 1 Jared Spurgeon           Hampus Lindholm                                   55     1   2  2  
 2 Cameron York             Jonas Siegenthaler                                45     1   2  2  

Penalty Kill 4 Players Forward 
   Center                   Wing                     Time % Phy DF OF 
 1 Colton Sissons           Ryan Hartman             55     1   4  0  
 2 David Kampf              Joel Farabee             45     1   4  0  

Penalty Kill 4 Players Defense
   Defense                  Defense                  Time % Phy DF OF 
 1 Hampus Lindholm          Jared Spurgeon           55     1   4  0  
 2 Jonas Siegenthaler       Trevor van Riemsdyk      45     1   4  0  

Penalty Kill - 3 Players Forward 
   Forward                                           Time % Phy DF OF 
 1 Aleksander Barkov                                 55     1   4  0  
 2 Colton Sissons                                    45     1   4  0  

Penalty Kill - 3 Players Defense
   Defense                  Defense                  Time % Phy DF OF 
 1 Hampus Lindholm          Jared Spurgeon           55     1   4  0  
 2 Jonas Siegenthaler       Trevor van Riemsdyk      45     1   4  0  

4 vs 4 Forward 
   Center                   Wing                     Time % Phy DF OF 
 1 Aleksander Barkov        Patrik Laine             55     1   2  2  
 2 Brock Nelson             Brock Boeser             45     1   2  2  

4 vs 4 Defense
   Defense                  Defense                  Time % Phy DF OF 
 1 Hampus Lindholm          Jared Spurgeon           55     1   2  2  
 2 Jonas Siegenthaler       Trevor van Riemsdyk      45     1   2  2  

Last Minutes Offensive
   Center                   Left Wing                Right Wing               Defense                  Defense                  
   Aleksander Barkov        Patrik Laine             Brock Boeser             Hampus Lindholm          Jared Spurgeon           

Last Minutes Defensive
   Center                   Left Wing                Right Wing               Defense                  Defense                  
   Aleksander Barkov        David Kampf              Colton Sissons           Hampus Lindholm          Jared Spurgeon           

Goaltenders
Starting : Alexandar Georgiev       
Backup : Thomas Greiss            

Extra Forwards
Normal : Aleksander Barkov, Brock Nelson, Ryan Hartman - PP : Ryan Hartman, Joel Farabee - PK : Max Domi
Extra Defensemen
Normal : Hampus Lindholm, Jared Spurgeon, Jonas Siegenthaler - PP : Martin Fehervary - PK : Martin Fehervary, Cameron York
Penalty Shots
Aleksander Barkov, Patrik Laine, Brock Nelson, Brock Boeser, Ryan Hartman
Custom OT Lines Forwards
Aleksander Barkov, Brock Nelson, Patrik Laine, Max Domi, Ryan Hartman, Brock Boeser, Tomas Tatar, Colton Sissons, Joel Farabee, David Kampf
Custom OT Lines Defensemen
Hampus Lindholm, Jared Spurgeon, Jonas Siegenthaler, Trevor van Riemsdyk, Cameron York

Scratches
Zachary Werenski (Bruised Left Leg Injury)

LAS VEGAS LIZARD KINGS

5 vs 5 Forward 
   Center                   Left Wing                Right Wing               Time % Phy DF OF 
 1 Ryan Nugent-Hopkins      Johnny Gaudreau          Joe Pavelski             37     0   1  4  
 2 Jeff Carter              Brandon Hagel            Evan Rodrigues           30     0   2  3  
 3 Ty Dellandrea            Vladislav Namestnikov    Zemgus Girgensons        25     0   4  1  
 4 Luke Glendening          Jordan Greenway          Victor Olofsson          8      1   3  1  

5 vs 5 Defense 
   Defense                  Defense                                           Time % Phy DF OF 
 1 Brayden McNabb           Matt Roy                                          40     1   2  2  
 2 John Marino              Dmitry Kulikov                                    35     1   2  2  
 3 Patrik Nemeth            Jacob Bryson                                      25     1   3  1  
 4 Brayden McNabb           Matt Roy                                          0      1   2  2  

PowerPlay Forward 
   Center                   Left Wing                Right Wing               Time % Phy DF OF 
 1 Ryan Nugent-Hopkins      Johnny Gaudreau          Joe Pavelski             65     0   0  5  
 2 Jeff Carter              Brandon Hagel            Victor Olofsson          35     0   0  5  

PowerPlay Defense
   Defense                  Defense                                           Time % Phy DF OF 
 1 John Marino              Matt Roy                                          55     0   1  2  
 2 Brayden McNabb           Dmitry Kulikov                                    45     0   1  4  

Penalty Kill 4 Players Forward 
   Center                   Wing                     Time % Phy DF OF 
 1 Ty Dellandrea            Brandon Hagel            55     1   2  2  
 2 Joe Pavelski             Ryan Nugent-Hopkins      45     1   2  2  

Penalty Kill 4 Players Defense
   Defense                  Defense                  Time % Phy DF OF 
 1 Brayden McNabb           John Marino              60     1   2  2  
 2 Patrik Nemeth            Dmitry Kulikov           40     1   2  2  

Penalty Kill - 3 Players Forward 
   Forward                                           Time % Phy DF OF 
 1 Zemgus Girgensons                                 55     1   4  0  
 2 Luke Glendening                                   45     1   4  0  

Penalty Kill - 3 Players Defense
   Defense                  Defense                  Time % Phy DF OF 
 1 Brayden McNabb           John Marino              55     1   4  0  
 2 Patrik Nemeth            Dmitry Kulikov           45     1   4  0  

4 vs 4 Forward 
   Center                   Wing                     Time % Phy DF OF 
 1 Ryan Nugent-Hopkins      Johnny Gaudreau          55     1   2  2  
 2 Jeff Carter              Joe Pavelski             45     1   2  2  

4 vs 4 Defense
   Defense                  Defense                  Time % Phy DF OF 
 1 Brayden McNabb           Matt Roy                 55     1   2  2  
 2 John Marino              Dmitry Kulikov           45     1   2  2  

Last Minutes Offensive
   Center                   Left Wing                Right Wing               Defense                  Defense                  
   Ryan Nugent-Hopkins      Johnny Gaudreau          Joe Pavelski             John Marino              Matt Roy                 

Last Minutes Defensive
   Center                   Left Wing                Right Wing               Defense                  Defense                  
   Ryan Nugent-Hopkins      Vladislav Namestnikov    Joe Pavelski             Brayden McNabb           John Marino              

Goaltenders
Starting : Sergei Bobrovsky         
Backup : Kaapo Kahkonen           

Extra Forwards
Normal : Evan Rodrigues, Victor Olofsson, Joe Pavelski - PP : Brandon Hagel, Ty Dellandrea - PK : Evan Rodrigues
Extra Defensemen
Normal : John Marino, Dmitry Kulikov, Patrik Nemeth - PP : Dmitry Kulikov - PK : Jacob Bryson, John Marino
Penalty Shots
Johnny Gaudreau, Ryan Nugent-Hopkins, Joe Pavelski, Brandon Hagel, Evan Rodrigues
Custom OT Lines Forwards
Johnny Gaudreau, Ryan Nugent-Hopkins, Joe Pavelski, Brandon Hagel, Jeff Carter, Evan Rodrigues, Victor Olofsson, Ty Dellandrea, Vladislav Namestnikov, Jordan Greenway
Custom OT Lines Defensemen
Brayden McNabb, Matt Roy, John Marino, Dmitry Kulikov, Patrik Nemeth

Scratches
None


% Time on Ice - OAKLAND GORILLAS

Lines # - Real PCT - Wanted PCT - Time Play
Normal Forward
1 - 27% - 31% - 12:55
2 - 28% - 30% - 13:25
3 - 28% - 30% - 13:23
4 - 18% - 9% - 8:48
Normal Defense
1 - 35% - 38% - 16:45
2 - 35% - 36% - 16:50
3 - 29% - 26% - 14:09
4 - 2% - 0% - 0:47
PP Forward
1 - 49% - 55% - 1:56
2 - 51% - 45% - 2:02
PP Defense
1 - 46% - 55% - 1:49
2 - 54% - 45% - 2:09
PK Forward
1 - 68% - 55% - 4:25
2 - 32% - 45% - 2:07
PK Defense
1 - 56% - 55% - 3:39
2 - 44% - 45% - 2:53
PK3 Forward
1 - 0% - 55%
2 - 0% - 45%
PK3 Defense
1 - 0% - 55%
2 - 0% - 45%
44 Forward
1 - 0% - 55%
2 - 0% - 45%
44 Defense
1 - 0% - 55%
2 - 0% - 45%
Last Minute Offensive  - 0:59
Last Minute Defensive  - 0:00
Total
Forward - 60:00
Defense - 60:00

% Time on Ice - LAS VEGAS LIZARD KINGS

Lines # - Real PCT - Wanted PCT - Time Play
Normal Forward
1 - 39% - 37% - 18:46
2 - 30% - 30% - 14:46
3 - 23% - 25% - 11:02
4 - 8% - 8% - 3:57
Normal Defense
1 - 37% - 40% - 18:00
2 - 37% - 35% - 17:48
3 - 26% - 25% - 12:43
4 - 0% - 0% - 0:00
PP Forward
1 - 49% - 65% - 3:14
2 - 51% - 35% - 3:18
PP Defense
1 - 50% - 55% - 3:16
2 - 50% - 45% - 3:16
PK Forward
1 - 57% - 55% - 2:15
2 - 43% - 45% - 1:43
PK Defense
1 - 61% - 60% - 2:24
2 - 39% - 40% - 1:34
PK3 Forward
1 - 0% - 55%
2 - 0% - 45%
PK3 Defense
1 - 0% - 55%
2 - 0% - 45%
44 Forward
1 - 0% - 55%
2 - 0% - 45%
44 Defense
1 - 0% - 55%
2 - 0% - 45%
Last Minute Offensive  - 0:00
Last Minute Defensive  - 0:59
Total
Forward - 60:00
Defense - 60:00

Play-by-Play

1st period


0:01 of 1st period - Aleksander Barkov wins face-off versus Johnny Gaudreau in neutral zone.
0:39 of 1st period - Shot by Brock Boeser.
0:39 of 1st period - Deflect By Patrik Laine.
0:39 of 1st period - Shot Blocked by Brayden McNabb.
1:26 of 1st period - Shot by Max Domi.
1:26 of 1st period - Shot Misses the Net.
1:28 of 1st period - Shot by Max Domi.
1:28 of 1st period - Shot Misses the Net.
1:30 of 1st period - Shot by Jonas Siegenthaler.
1:30 of 1st period - Stopped by Sergei Bobrovsky without a rebound.
1:31 of 1st period - Colton Sissons wins face-off versus Ty Dellandrea in LAS VEGAS LIZARD KINGS zone.
1:57 of 1st period - Icing by Patrik Nemeth.
1:58 of 1st period - Andrew Poturalski wins face-off versus Ty Dellandrea in LAS VEGAS LIZARD KINGS zone.
2:36 of 1st period - Shot by Joel Farabee.
2:36 of 1st period - Shot Misses the Net.
3:04 of 1st period - Shot by Tomas Tatar.
3:04 of 1st period - Shot Misses the Net.
3:37 of 1st period - Martin Fehervary is hit by Zemgus Girgensons and loses puck.
4:07 of 1st period - Off-side.
4:08 of 1st period - Aleksander Barkov wins face-off versus Ryan Nugent-Hopkins in neutral zone.
4:15 of 1st period - Shot by Brock Boeser.
4:15 of 1st period - Stopped by Sergei Bobrovsky without a rebound.
4:16 of 1st period - Ryan Nugent-Hopkins wins face-off versus Patrik Laine in LAS VEGAS LIZARD KINGS zone.
4:31 of 1st period - Shot by Joe Pavelski.
4:31 of 1st period - Stopped by Alexandar Georgiev with a rebound.
4:51 of 1st period - Shot by Aleksander Barkov.
4:51 of 1st period - Stopped by Sergei Bobrovsky without a rebound.
4:52 of 1st period - Jeff Carter wins face-off versus Max Domi in LAS VEGAS LIZARD KINGS zone.
4:56 of 1st period - Off-side.
4:57 of 1st period - Colton Sissons wins face-off versus Evan Rodrigues in neutral zone.
5:38 of 1st period - Off-side.
5:39 of 1st period - Max Domi wins face-off versus Luke Glendening in neutral zone.
6:09 of 1st period - Shot by Ryan Hartman.
6:09 of 1st period - Stopped by Sergei Bobrovsky without a rebound.
6:10 of 1st period - Aleksander Barkov wins face-off versus Ryan Nugent-Hopkins in LAS VEGAS LIZARD KINGS zone.
6:13 of 1st period - Shot by Patrik Laine.
6:13 of 1st period - Shot Blocked by Dmitry Kulikov.
6:52 of 1st period - Brock Boeser is hit by Joe Pavelski and loses puck.
7:41 of 1st period - Shot by Max Domi.
7:41 of 1st period - Stopped by Sergei Bobrovsky with a rebound.
7:43 of 1st period - Shot by Brock Nelson.
7:43 of 1st period - Stopped by Sergei Bobrovsky without a rebound.
7:44 of 1st period - Jeff Carter wins face-off versus Colton Sissons in LAS VEGAS LIZARD KINGS zone.
7:53 of 1st period - Icing by Colton Sissons.
7:54 of 1st period - Colton Sissons wins face-off versus Luke Glendening in OAKLAND GORILLAS zone.
8:19 of 1st period - Minor Penalty to Colton Sissons for Hooking.
8:20 of 1st period - Jeff Carter wins face-off versus Max Domi in OAKLAND GORILLAS zone.
8:30 of 1st period - Icing by Matt Roy.
8:31 of 1st period - Max Domi wins face-off versus Jeff Carter in LAS VEGAS LIZARD KINGS zone.
8:32 of 1st period - Shot by Ryan Hartman.
8:32 of 1st period - Stopped by Sergei Bobrovsky without a rebound.
8:33 of 1st period - Jeff Carter wins face-off versus Max Domi in LAS VEGAS LIZARD KINGS zone.
8:37 of 1st period - Off-side.
8:38 of 1st period - Max Domi wins face-off versus Joe Pavelski in neutral zone.
8:54 of 1st period - Shot by Ryan Nugent-Hopkins.
8:54 of 1st period - Goal by Ryan Nugent-Hopkins - OAKLAND GORILLAS : 0 - LAS VEGAS LIZARD KINGS : 1.
8:55 of 1st period - Colton Sissons wins face-off versus Brandon Hagel in neutral zone.
9:20 of 1st period - Shot by Tomas Tatar.
9:20 of 1st period - Shot Misses the Net.
9:22 of 1st period - Shot by Hampus Lindholm.
9:22 of 1st period - Shot Misses the Net.
9:24 of 1st period - Shot by Colton Sissons.
9:24 of 1st period - Stopped by Sergei Bobrovsky with a rebound.
9:26 of 1st period - Shot by Colton Sissons.
9:26 of 1st period - Shot Misses the Net.
9:54 of 1st period - Shot by Brock Nelson.
9:54 of 1st period - Shot Blocked by Jeff Carter.
9:56 of 1st period - Shot by Ryan Hartman.
9:56 of 1st period - Shot Blocked by Jacob Bryson.
9:58 of 1st period - Shot by Brock Nelson.
9:58 of 1st period - Shot Blocked by Jacob Bryson.
10:28 of 1st period - Shot by Ryan Hartman.
10:28 of 1st period - Shot Blocked by Brandon Hagel.
10:30 of 1st period - Shot by Brock Nelson.
10:30 of 1st period - Shot Hit the Post.
10:42 of 1st period - Icing by Brandon Hagel.
10:43 of 1st period - Jeff Carter wins face-off versus Aleksander Barkov in LAS VEGAS LIZARD KINGS zone.
11:19 of 1st period - Shot by Joe Pavelski.
11:19 of 1st period - Shot Blocked by Martin Fehervary.
12:01 of 1st period - Jared Spurgeon is hit by Zemgus Girgensons and loses puck.
12:06 of 1st period - Shot by Zemgus Girgensons.
12:06 of 1st period - Shot Blocked by Jared Spurgeon.
12:20 of 1st period - Shot by Ty Dellandrea.
12:20 of 1st period - Deflect By Vladislav Namestnikov.
12:20 of 1st period - Stopped by Alexandar Georgiev with a rebound.
12:56 of 1st period - Off-side.
12:57 of 1st period - Max Domi wins face-off versus Ryan Nugent-Hopkins in neutral zone.
13:06 of 1st period - Shot by Brock Nelson.
13:06 of 1st period - Shot Blocked by John Marino.
13:08 of 1st period - Shot by Max Domi.
13:08 of 1st period - Stopped by Sergei Bobrovsky without a rebound.
13:09 of 1st period - Ryan Nugent-Hopkins wins face-off versus Colton Sissons in LAS VEGAS LIZARD KINGS zone.
13:14 of 1st period - Shot by Johnny Gaudreau.
13:14 of 1st period - Stopped by Alexandar Georgiev with a rebound.
13:16 of 1st period - Shot by Dmitry Kulikov.
13:16 of 1st period - Shot Blocked by Jonas Siegenthaler.
13:18 of 1st period - Shot by John Marino.
13:18 of 1st period - Shot Blocked by Jonas Siegenthaler.
13:20 of 1st period - Shot by Joe Pavelski.
13:20 of 1st period - Stopped by Alexandar Georgiev with a rebound.
13:53 of 1st period - Icing by Dmitry Kulikov.
13:54 of 1st period - Ryan Nugent-Hopkins wins face-off versus Max Domi in LAS VEGAS LIZARD KINGS zone.
14:24 of 1st period - Max Domi is hit by Ty Dellandrea and loses puck.
14:38 of 1st period - Shot by Brayden McNabb.
14:38 of 1st period - Stopped by Alexandar Georgiev without a rebound.
14:39 of 1st period - Jeff Carter wins face-off versus Aleksander Barkov in OAKLAND GORILLAS zone.
16:40 of 1st period - Off-side.
16:41 of 1st period - Luke Glendening wins face-off versus Colton Sissons in neutral zone.
16:53 of 1st period - Shot by David Kampf.
16:53 of 1st period - Stopped by Sergei Bobrovsky without a rebound.
16:54 of 1st period - Max Domi wins face-off versus Evan Rodrigues in LAS VEGAS LIZARD KINGS zone.
17:44 of 1st period - Minor Penalty to Vladislav Namestnikov for Hooking.
17:45 of 1st period - Max Domi wins face-off versus Ty Dellandrea in LAS VEGAS LIZARD KINGS zone.
18:04 of 1st period - Shot by Jonas Siegenthaler.
18:04 of 1st period - Shot Blocked by Dmitry Kulikov.
18:06 of 1st period - Shot by Jonas Siegenthaler.
18:06 of 1st period - Shot Blocked by Patrik Nemeth.
18:08 of 1st period - Shot by Jared Spurgeon.
18:08 of 1st period - Stopped by Sergei Bobrovsky without a rebound.
18:09 of 1st period - Aleksander Barkov wins face-off versus Ty Dellandrea in LAS VEGAS LIZARD KINGS zone.
18:12 of 1st period - Shot by Aleksander Barkov.
18:12 of 1st period - Shot Misses the Net.
18:14 of 1st period - Shot by Jonas Siegenthaler.
18:14 of 1st period - Shot Misses the Net.
18:26 of 1st period - Shot by Patrik Laine.
18:26 of 1st period - Stopped by Sergei Bobrovsky without a rebound.
18:27 of 1st period - Joe Pavelski wins face-off versus Max Domi in LAS VEGAS LIZARD KINGS zone.
18:36 of 1st period - Shot by Hampus Lindholm.
18:36 of 1st period - Stopped by Sergei Bobrovsky with a rebound.
18:38 of 1st period - Shot by Hampus Lindholm.
18:38 of 1st period - Shot Blocked by Dmitry Kulikov.
18:54 of 1st period - Shot by Hampus Lindholm.
18:54 of 1st period - Stopped by Sergei Bobrovsky with a rebound.
18:56 of 1st period - Shot by Max Domi.
18:56 of 1st period - Deflect By Brock Nelson.
18:56 of 1st period - Stopped by Sergei Bobrovsky without a rebound.
18:57 of 1st period - Aleksander Barkov wins face-off versus Joe Pavelski in LAS VEGAS LIZARD KINGS zone.
18:58 of 1st period - Shot by Brock Boeser.
18:58 of 1st period - Deflect By Aleksander Barkov.
18:58 of 1st period - Shot Misses the Net.
19:00 of 1st period - Shot by Brock Boeser.
19:00 of 1st period - Stopped by Sergei Bobrovsky without a rebound.
19:01 of 1st period - Aleksander Barkov wins face-off versus Joe Pavelski in LAS VEGAS LIZARD KINGS zone.
19:20 of 1st period - Shot by Brock Boeser.
19:20 of 1st period - Stopped by Sergei Bobrovsky without a rebound.
19:21 of 1st period - Max Domi wins face-off versus Ty Dellandrea in LAS VEGAS LIZARD KINGS zone.
19:30 of 1st period - Shot by Brock Nelson.
19:30 of 1st period - Shot Misses the Net.
19:32 of 1st period - Shot by Max Domi.
19:32 of 1st period - Deflect By Brock Nelson.
19:32 of 1st period - Shot Misses the Net.
19:34 of 1st period - Shot by Jared Spurgeon.
19:34 of 1st period - Stopped by Sergei Bobrovsky without a rebound.
19:35 of 1st period - Ty Dellandrea wins face-off versus Aleksander Barkov in LAS VEGAS LIZARD KINGS zone.
19:58 of 1st period - Shot by Johnny Gaudreau.
19:58 of 1st period - Goal by Johnny Gaudreau - OAKLAND GORILLAS : 0 - LAS VEGAS LIZARD KINGS : 2.
19:59 of 1st period - Brock Nelson wins face-off versus Ty Dellandrea in neutral zone.
Goals for this period are 0 for OAKLAND GORILLAS vs 2 for LAS VEGAS LIZARD KINGS.
Shots for this period are 18 for OAKLAND GORILLAS vs 7 for LAS VEGAS LIZARD KINGS.

2nd period


0:01 of 2nd period - Colton Sissons wins face-off versus Ty Dellandrea in neutral zone.
0:20 of 2nd period - Shot by Vladislav Namestnikov.
0:20 of 2nd period - Stopped by Alexandar Georgiev without a rebound.
0:21 of 2nd period - Max Domi wins face-off versus Ryan Nugent-Hopkins in OAKLAND GORILLAS zone.
0:21 of 2nd period - Max Domi is hit by Johnny Gaudreau.
0:37 of 2nd period - Joe Pavelski is hit by Max Domi and loses puck.
0:50 of 2nd period - Brock Nelson is hit by Ryan Nugent-Hopkins.
0:51 of 2nd period - Brock Nelson from OAKLAND GORILLAS is injured at 0:51 of 2nd period (Right Leg).
0:52 of 2nd period - Colton Sissons wins face-off versus Ty Dellandrea in OAKLAND GORILLAS zone.
0:52 of 2nd period - Colton Sissons is hit by Vladislav Namestnikov.
1:06 of 2nd period - Ty Dellandrea is hit by Colton Sissons and loses puck.
1:16 of 2nd period - Colton Sissons is hit by Brayden McNabb and loses puck.
1:19 of 2nd period - Shot by David Kampf.
1:19 of 2nd period - Stopped by Sergei Bobrovsky without a rebound.
1:20 of 2nd period - Jeff Carter wins face-off versus Max Domi in LAS VEGAS LIZARD KINGS zone.
1:47 of 2nd period - Shot by Evan Rodrigues.
1:47 of 2nd period - Shot Blocked by Jared Spurgeon.
1:49 of 2nd period - Shot by John Marino.
1:49 of 2nd period - Stopped by Alexandar Georgiev without a rebound.
1:50 of 2nd period - Ryan Nugent-Hopkins wins face-off versus Colton Sissons in OAKLAND GORILLAS zone.
2:56 of 2nd period - Shot by Ty Dellandrea.
2:56 of 2nd period - Goal by Ty Dellandrea - OAKLAND GORILLAS : 0 - LAS VEGAS LIZARD KINGS : 3.
2:57 of 2nd period - Aleksander Barkov wins face-off versus Jeff Carter in neutral zone.
3:25 of 2nd period - Shot by Jeff Carter.
3:25 of 2nd period - Shot Misses the Net.
3:32 of 2nd period - Off-side.
3:33 of 2nd period - Max Domi wins face-off versus Zemgus Girgensons in neutral zone.
4:57 of 2nd period - Shot by Joe Pavelski.
4:57 of 2nd period - Shot Misses the Net.
4:59 of 2nd period - Shot by Johnny Gaudreau.
4:59 of 2nd period - Shot Misses the Net.
5:44 of 2nd period - Shot by Evan Rodrigues.
5:44 of 2nd period - Shot Misses the Net.
5:46 of 2nd period - Shot by Brandon Hagel.
5:46 of 2nd period - Shot Misses the Net.
6:50 of 2nd period - Shot by Aleksander Barkov.
6:50 of 2nd period - Deflect By Brock Boeser.
6:50 of 2nd period - Stopped by Sergei Bobrovsky without a rebound.
6:51 of 2nd period - Colton Sissons wins face-off versus Ryan Nugent-Hopkins in LAS VEGAS LIZARD KINGS zone.
6:52 of 2nd period - Shot by Tomas Tatar.
6:52 of 2nd period - Shot Misses the Net.
6:59 of 2nd period - Minor Penalty to Martin Fehervary for Roughing.
7:00 of 2nd period - Colton Sissons wins face-off versus Johnny Gaudreau in OAKLAND GORILLAS zone.
7:16 of 2nd period - Ryan Nugent-Hopkins is hit by Jonas Siegenthaler.
7:36 of 2nd period - Shot by Ryan Nugent-Hopkins.
7:36 of 2nd period - Stopped by Alexandar Georgiev with a rebound.
7:38 of 2nd period - Shot by Ryan Nugent-Hopkins.
7:38 of 2nd period - Stopped by Alexandar Georgiev without a rebound.
7:39 of 2nd period - Colton Sissons wins face-off versus Jeff Carter in OAKLAND GORILLAS zone.
8:29 of 2nd period - Shot by David Kampf.
8:29 of 2nd period - Stopped by Sergei Bobrovsky with a rebound.
8:31 of 2nd period - Shot by Hampus Lindholm.
8:31 of 2nd period - Goal by Hampus Lindholm - OAKLAND GORILLAS : 1 - LAS VEGAS LIZARD KINGS : 3.
8:32 of 2nd period - Colton Sissons wins face-off versus Ryan Nugent-Hopkins in neutral zone.
8:45 of 2nd period - Shot by Johnny Gaudreau.
8:45 of 2nd period - Stopped by Alexandar Georgiev without a rebound.
8:46 of 2nd period - David Kampf wins face-off versus Joe Pavelski in OAKLAND GORILLAS zone.
9:19 of 2nd period - Shot by Aleksander Barkov.
9:19 of 2nd period - Deflect By Brock Boeser.
9:19 of 2nd period - Stopped by Sergei Bobrovsky without a rebound.
9:20 of 2nd period - Ryan Nugent-Hopkins wins face-off versus Max Domi in LAS VEGAS LIZARD KINGS zone.
9:33 of 2nd period - Shot by Johnny Gaudreau.
9:33 of 2nd period - Shot Blocked by Aleksander Barkov.
9:44 of 2nd period - Icing by Matt Roy.
9:45 of 2nd period - Colton Sissons wins face-off versus Ryan Nugent-Hopkins in LAS VEGAS LIZARD KINGS zone.
9:50 of 2nd period - Shot by David Kampf.
9:50 of 2nd period - Deflect By Tomas Tatar.
9:50 of 2nd period - Stopped by Sergei Bobrovsky without a rebound.
9:51 of 2nd period - David Kampf wins face-off versus Jeff Carter in LAS VEGAS LIZARD KINGS zone.
9:51 of 2nd period - David Kampf is hit by Dmitry Kulikov.
10:01 of 2nd period - Shot by Tomas Tatar.
10:01 of 2nd period - Shot Misses the Net.
10:03 of 2nd period - Shot by Colton Sissons.
10:03 of 2nd period - Goal by Colton Sissons - OAKLAND GORILLAS : 2 - LAS VEGAS LIZARD KINGS : 3.
10:04 of 2nd period - Ryan Nugent-Hopkins wins face-off versus Max Domi in neutral zone.
10:21 of 2nd period - Icing by Martin Fehervary.
10:22 of 2nd period - Max Domi wins face-off versus Jeff Carter in OAKLAND GORILLAS zone.
10:22 of 2nd period - Max Domi is hit by Evan Rodrigues.
10:50 of 2nd period - Icing by Cameron York.
10:51 of 2nd period - Max Domi wins face-off versus Ryan Nugent-Hopkins in OAKLAND GORILLAS zone.
10:58 of 2nd period - Shot by Ryan Hartman.
10:58 of 2nd period - Shot Misses the Net.
11:07 of 2nd period - Off-side.
11:08 of 2nd period - Colton Sissons wins face-off versus Ty Dellandrea in neutral zone.
11:39 of 2nd period - Shot by Tomas Tatar.
11:39 of 2nd period - Stopped by Sergei Bobrovsky without a rebound.
11:39 of 2nd period - Minor Penalty to Jacob Bryson for Hooking.
11:40 of 2nd period - Ty Dellandrea wins face-off versus Aleksander Barkov in LAS VEGAS LIZARD KINGS zone.
12:05 of 2nd period - Shot by Aleksander Barkov.
12:05 of 2nd period - Stopped by Sergei Bobrovsky without a rebound.
12:06 of 2nd period - Max Domi wins face-off versus Joe Pavelski in LAS VEGAS LIZARD KINGS zone.
12:06 of 2nd period - Tomas Tatar is hit by Dmitry Kulikov and loses puck.
12:17 of 2nd period - Shot by Tomas Tatar.
12:17 of 2nd period - Stopped by Sergei Bobrovsky with a rebound.
12:19 of 2nd period - Shot by Jonas Siegenthaler.
12:19 of 2nd period - Shot Blocked by Dmitry Kulikov.
12:21 of 2nd period - Shot by Ryan Hartman.
12:21 of 2nd period - Shot Misses the Net.
12:23 of 2nd period - Shot by Tomas Tatar.
12:23 of 2nd period - Shot Misses the Net.
13:59 of 2nd period - Shot by Victor Olofsson.
13:59 of 2nd period - Stopped by Alexandar Georgiev without a rebound.
14:00 of 2nd period - Jeff Carter wins face-off versus Colton Sissons in OAKLAND GORILLAS zone.
14:19 of 2nd period - Shot by Brandon Hagel.
14:19 of 2nd period - Stopped by Alexandar Georgiev without a rebound.
14:20 of 2nd period - Aleksander Barkov wins face-off versus Luke Glendening in OAKLAND GORILLAS zone.
14:31 of 2nd period - Shot by Patrik Laine.
14:31 of 2nd period - Goal by Patrik Laine - OAKLAND GORILLAS : 3 - LAS VEGAS LIZARD KINGS : 3.
14:32 of 2nd period - Ryan Nugent-Hopkins wins face-off versus Max Domi in neutral zone.
14:32 of 2nd period - Ryan Nugent-Hopkins is hit by Ryan Hartman.
14:35 of 2nd period - Joe Pavelski is hit by Hampus Lindholm and loses puck.
14:38 of 2nd period - Shot by Joe Pavelski.
14:38 of 2nd period - Stopped by Alexandar Georgiev without a rebound.
14:39 of 2nd period - Aleksander Barkov wins face-off versus Ryan Nugent-Hopkins in OAKLAND GORILLAS zone.
14:44 of 2nd period - Shot by Ryan Nugent-Hopkins.
14:44 of 2nd period - Shot Misses the Net.
14:51 of 2nd period - Minor Penalty to Jonas Siegenthaler for Delaying the game.
14:52 of 2nd period - Ryan Nugent-Hopkins wins face-off versus Colton Sissons in OAKLAND GORILLAS zone.
15:24 of 2nd period - Shot by Joe Pavelski.
15:24 of 2nd period - Shot Blocked by Hampus Lindholm.
15:38 of 2nd period - Colton Sissons is hit by Johnny Gaudreau and loses puck.
15:57 of 2nd period - Shot by Jeff Carter.
15:57 of 2nd period - Stopped by Alexandar Georgiev without a rebound.
15:58 of 2nd period - Jeff Carter wins face-off versus David Kampf in OAKLAND GORILLAS zone.
16:30 of 2nd period - Icing by Brayden McNabb.
16:31 of 2nd period - Jeff Carter wins face-off versus Colton Sissons in LAS VEGAS LIZARD KINGS zone.
17:18 of 2nd period - Jared Spurgeon is hit by Joe Pavelski and loses puck.
17:33 of 2nd period - Shot by Brock Boeser.
17:33 of 2nd period - Stopped by Sergei Bobrovsky without a rebound.
17:34 of 2nd period - Jack McBain wins face-off versus Ty Dellandrea in LAS VEGAS LIZARD KINGS zone.
18:00 of 2nd period - Shot by Joel Farabee.
18:00 of 2nd period - Stopped by Sergei Bobrovsky with a rebound.
19:09 of 2nd period - Off-side.
19:10 of 2nd period - Colton Sissons wins face-off versus Ryan Nugent-Hopkins in neutral zone.
Goals for this period are 3 for OAKLAND GORILLAS vs 1 for LAS VEGAS LIZARD KINGS.
Shots for this period are 13 for OAKLAND GORILLAS vs 10 for LAS VEGAS LIZARD KINGS.

3rd period


0:01 of 3rd period - Ryan Nugent-Hopkins wins face-off versus Aleksander Barkov in neutral zone.
0:21 of 3rd period - Icing by Trevor van Riemsdyk.
0:22 of 3rd period - Aleksander Barkov wins face-off versus Jeff Carter in OAKLAND GORILLAS zone.
0:57 of 3rd period - Shot by Aleksander Barkov.
0:57 of 3rd period - Shot Blocked by John Marino.
1:37 of 3rd period - Shot by David Kampf.
1:37 of 3rd period - Shot Misses the Net.
1:39 of 3rd period - Shot by Jared Spurgeon.
1:39 of 3rd period - Stopped by Sergei Bobrovsky without a rebound.
1:40 of 3rd period - Jack McBain wins face-off versus Ryan Nugent-Hopkins in LAS VEGAS LIZARD KINGS zone.
1:40 of 3rd period - Joel Farabee is hit by Matt Roy and loses puck.
2:53 of 3rd period - Shot by Ty Dellandrea.
2:53 of 3rd period - Deflect By Vladislav Namestnikov.
2:53 of 3rd period - Stopped by Alexandar Georgiev without a rebound.
2:54 of 3rd period - Luke Glendening wins face-off versus Max Domi in OAKLAND GORILLAS zone.
4:41 of 3rd period - Shot by Johnny Gaudreau.
4:41 of 3rd period - Deflect By Ryan Nugent-Hopkins.
4:41 of 3rd period - Shot Blocked by Martin Fehervary.
4:43 of 3rd period - Shot by Matt Roy.
4:43 of 3rd period - Shot Hit the Post.
4:45 of 3rd period - Shot by Johnny Gaudreau.
4:45 of 3rd period - Stopped by Alexandar Georgiev without a rebound.
4:46 of 3rd period - Jack McBain wins face-off versus Jeff Carter in OAKLAND GORILLAS zone.
4:46 of 3rd period - Jack McBain is hit by Evan Rodrigues.
5:23 of 3rd period - Shot by Martin Fehervary.
5:23 of 3rd period - Shot Blocked by Matt Roy.
5:25 of 3rd period - Shot by Joel Farabee.
5:25 of 3rd period - Stopped by Sergei Bobrovsky without a rebound.
5:26 of 3rd period - Aleksander Barkov wins face-off versus Ryan Nugent-Hopkins in LAS VEGAS LIZARD KINGS zone.
5:31 of 3rd period - Shot by Brock Boeser.
5:31 of 3rd period - Stopped by Sergei Bobrovsky without a rebound.
5:32 of 3rd period - Joe Pavelski wins face-off versus Colton Sissons in LAS VEGAS LIZARD KINGS zone.
5:44 of 3rd period - Icing by Dmitry Kulikov.
5:45 of 3rd period - Aleksander Barkov wins face-off versus Ryan Nugent-Hopkins in LAS VEGAS LIZARD KINGS zone.
5:48 of 3rd period - Shot by Patrik Laine.
5:48 of 3rd period - Shot Misses the Net.
6:14 of 3rd period - Dmitry Kulikov is hit by Patrik Laine and loses puck.
8:02 of 3rd period - Evan Rodrigues is hit by Ryan Hartman and loses puck.
8:14 of 3rd period - Icing by Cameron York.
8:15 of 3rd period - Ryan Nugent-Hopkins wins face-off versus Joel Farabee in OAKLAND GORILLAS zone.
8:24 of 3rd period - Shot by Johnny Gaudreau.
8:24 of 3rd period - Goal by Johnny Gaudreau - OAKLAND GORILLAS : 3 - LAS VEGAS LIZARD KINGS : 4.
8:25 of 3rd period - Aleksander Barkov wins face-off versus Ryan Nugent-Hopkins in neutral zone.
8:44 of 3rd period - Johnny Gaudreau is hit by Jonas Siegenthaler and loses puck.
8:52 of 3rd period - Icing by Trevor van Riemsdyk.
8:53 of 3rd period - Ty Dellandrea wins face-off versus Aleksander Barkov in OAKLAND GORILLAS zone.
8:55 of 3rd period - Zemgus Girgensons is hit by Jonas Siegenthaler.
9:11 of 3rd period - Shot by Patrik Laine.
9:11 of 3rd period - Stopped by Sergei Bobrovsky without a rebound.
9:12 of 3rd period - Max Domi wins face-off versus Ryan Nugent-Hopkins in LAS VEGAS LIZARD KINGS zone.
9:22 of 3rd period - Shot by Hampus Lindholm.
9:22 of 3rd period - Shot Misses the Net.
9:46 of 3rd period - Shot by Ryan Nugent-Hopkins.
9:46 of 3rd period - Stopped by Alexandar Georgiev with a rebound.
9:48 of 3rd period - Shot by Matt Roy.
9:48 of 3rd period - Goal by Matt Roy - OAKLAND GORILLAS : 3 - LAS VEGAS LIZARD KINGS : 5.
9:48 of 3rd period - Thomas Greiss enters game.
9:49 of 3rd period - Brandon Hagel wins face-off versus Colton Sissons in neutral zone.
9:51 of 3rd period - Off-side.
9:52 of 3rd period - Jeff Carter wins face-off versus Tomas Tatar in neutral zone.
10:01 of 3rd period - Shot by Jeff Carter.
10:01 of 3rd period - Shot Misses the Net.
10:03 of 3rd period - Shot by Jeff Carter.
10:03 of 3rd period - Stopped by Thomas Greiss with a rebound.
10:36 of 3rd period - Shot by Evan Rodrigues.
10:36 of 3rd period - Shot Misses the Net.
10:59 of 3rd period - Icing by Trevor van Riemsdyk.
11:00 of 3rd period - Colton Sissons wins face-off versus Ty Dellandrea in OAKLAND GORILLAS zone.
11:16 of 3rd period - Icing by Tomas Tatar.
11:17 of 3rd period - Ryan Nugent-Hopkins wins face-off versus Colton Sissons in OAKLAND GORILLAS zone.
11:22 of 3rd period - Icing by David Kampf.
11:23 of 3rd period - Colton Sissons wins face-off versus Ryan Nugent-Hopkins in OAKLAND GORILLAS zone.
11:51 of 3rd period - Icing by Trevor van Riemsdyk.
11:52 of 3rd period - Zemgus Girgensons wins face-off versus Colton Sissons in OAKLAND GORILLAS zone.
13:18 of 3rd period - Shot by Brandon Hagel.
13:18 of 3rd period - Stopped by Thomas Greiss without a rebound.
13:19 of 3rd period - Ryan Nugent-Hopkins wins face-off versus Jack McBain in OAKLAND GORILLAS zone.
13:36 of 3rd period - Shot by Joe Pavelski.
13:36 of 3rd period - Stopped by Thomas Greiss with a rebound.
13:38 of 3rd period - Shot by Patrik Nemeth.
13:38 of 3rd period - Stopped by Thomas Greiss without a rebound.
13:39 of 3rd period - Luke Glendening wins face-off versus Aleksander Barkov in OAKLAND GORILLAS zone.
13:55 of 3rd period - Shot by Jordan Greenway.
13:55 of 3rd period - Stopped by Thomas Greiss without a rebound.
13:56 of 3rd period - Jack McBain wins face-off versus Johnny Gaudreau in OAKLAND GORILLAS zone.
13:56 of 3rd period - Jack McBain is hit by Joe Pavelski.
15:02 of 3rd period - Icing by Dmitry Kulikov.
15:03 of 3rd period - Max Domi wins face-off versus Jeff Carter in LAS VEGAS LIZARD KINGS zone.
15:33 of 3rd period - Shot by Aleksander Barkov.
15:33 of 3rd period - Shot Blocked by Brandon Hagel.
16:16 of 3rd period - Shot by Tomas Tatar.
16:16 of 3rd period - Goal by Tomas Tatar - OAKLAND GORILLAS : 4 - LAS VEGAS LIZARD KINGS : 5.
16:17 of 3rd period - Aleksander Barkov wins face-off versus Ryan Nugent-Hopkins in neutral zone.
17:01 of 3rd period - Minor Penalty to Martin Fehervary for Hooking.
17:02 of 3rd period - Jeff Carter wins face-off versus Colton Sissons in OAKLAND GORILLAS zone.
17:44 of 3rd period - Shot by Johnny Gaudreau.
17:44 of 3rd period - Stopped by Thomas Greiss without a rebound.
17:45 of 3rd period - David Kampf wins face-off versus Ryan Nugent-Hopkins in OAKLAND GORILLAS zone.
18:09 of 3rd period - Icing by Joe Pavelski.
18:10 of 3rd period - David Kampf wins face-off versus Joe Pavelski in LAS VEGAS LIZARD KINGS zone.
18:45 of 3rd period - Shot by Brandon Hagel.
18:45 of 3rd period - Shot Misses the Net.
19:21 of 3rd period - Icing by Vladislav Namestnikov.
19:22 of 3rd period - Ryan Nugent-Hopkins wins face-off versus Brock Boeser in LAS VEGAS LIZARD KINGS zone.
19:22 of 3rd period - Ryan Nugent-Hopkins is hit by Brock Boeser.
19:26 of 3rd period - OAKLAND GORILLAS, Thomas Greiss is pulled from the net.
19:30 of 3rd period - Shot by Brock Boeser.
19:30 of 3rd period - Shot Misses the Net.
19:32 of 3rd period - Shot by Hampus Lindholm.
19:32 of 3rd period - Stopped by Sergei Bobrovsky with a rebound.
19:34 of 3rd period - Shot by Hampus Lindholm.
19:34 of 3rd period - Stopped by Sergei Bobrovsky without a rebound.
19:35 of 3rd period - Aleksander Barkov wins face-off versus Evan Rodrigues in LAS VEGAS LIZARD KINGS zone.
Goals for this period are 1 for OAKLAND GORILLAS vs 2 for LAS VEGAS LIZARD KINGS.
Shots for this period are 7 for OAKLAND GORILLAS vs 11 for LAS VEGAS LIZARD KINGS.


YEGOR
SHARANGOVICH
ALEX
IAFALLO
JAKOB
CHYCHRUN

EAST COAST

HOCKEY LEAGUE

  • 65.QUE3CHW1
  • 66.CHA1TRV6
  • 67.PITRHI
  • 68.ATLWOR